 Dungeon Crawl Stone Soup version 0.27-a0-1290-g15d3ce7508 (webtiles) character file.

Game seed: 11984572256457208241

720 Delamore the Poker (level 8, -8/62 HPs)
             Began as a Formicid Fighter on June 15, 2021.
             Was an Initiate of Gozag.
             Mangled by a wyvern (12 damage)
             ... on level 4 of the Dungeon.
             The game lasted 00:04:20 (4948 turns).

Delamore the Poker (Formicid Fighter)               Turns: 4948, Time: 00:04:21

Health: -8/62      AC:  7    Str: 22    XL:     8   Next: 2%
Magic:  8/8        EV: 12    Int:  9    God:    Gozag
Gold:   80         SH: 10    Dex: 10    Spells: 7/7 levels left

rFire    + . .     SeeInvis +   a - +0 trident
rCold    . . .     Faith    .   c - +1 kite shield
rNeg     . . .     Spirit   .   h - +1 ring mail {Will+}
rPois    .         Reflect  .   (helmet unavailable)
rElec    .         Harm     .   (no cloak)
rCorr    .         Rampage  .   (no gloves)
Will     +....                  i - +0 pair of boots
Stlth    ..........             (no amulet)
HPRegen  0.20/turn              j - +4 ring of evasion
MPRegen  0.11/turn              f - ring of protection from fire

@: no status effects
A: permanent stasis, dig shafts and tunnels, antennae 3, four strong arms
a: Dig, Shaft Self, Renounce Religion, Potion Petition, Call Merchant, Bribe
Branch


You were on level 4 of the Dungeon.
You worshipped Gozag.
Gozag was noncommittal.
You visited 2 branches of the dungeon, and saw 6 of its levels.

You collected 124 gold pieces.
You donated 12 gold pieces to Zin.
You paid 32 gold pieces to Gozag.

Inventory:

Hand Weapons
 a - a +0 trident (weapon)
Missiles
 n - a throwing net
Armour
 b - a +0 scale mail
 c - a +1 kite shield (worn)
 h - a +1 ring mail of willpower (worn)
 i - a +0 pair of boots (worn)
Jewellery
 f - a ring of protection from fire (right hand)
 j - a +4 ring of evasion (left hand)
 k - a ring of protection from fire
 o - a ring of positive energy
Wands
 m - a wand of mindburst (12)
Scrolls
 g - 3 scrolls of noise
Potions
 d - 2 potions of might
 e - a potion of curing
 l - a potion of ambrosia
 p - 2 potions of mutation
 q - a potion of resistance {unknown}


   Skills:
 - Level 5.0 Fighting
 * Level 7.7 Polearms
 - Level 3.2 Armour
 - Level 3.6 Shields


You had 7 spell levels left.
You didn't know any spells.
Your spell library was empty.

Dungeon Overview and Level Annotations

Branches:
Dungeon (5/15)             Temple (1/1) D:4

Altars:
Ashenzari
Dithmenos
Elyvilon
Fedhas
Gozag
Kikubaaqudgha
Ru
Sif Muna
Trog
Vehumet
Wu Jian
Zin


Innate Abilities, Weirdness & Mutations

You cannot be hasted, slowed, berserked, paralysed or teleported.
You can dig through walls and to a lower floor.
You have a pair of large antennae on your head. (SInv)
Your four strong arms can wield two-handed weapons with a shield.


Message History

The bullfrog skeleton is heavily damaged.
You block the bullfrog skeleton's attack.
The bullfrog skeleton hits you.
You hit the bullfrog skeleton.
The bullfrog skeleton is severely damaged.
The bullfrog skeleton hits you but does no damage.
You puncture the bullfrog skeleton!
The bullfrog skeleton is almost destroyed.
The bullfrog skeleton barely misses you.
You block the bullfrog skeleton's attack.
You hit the bullfrog skeleton but do no damage.
The bullfrog skeleton is almost destroyed.
You block the bullfrog skeleton's attack.
The wyvern bites you.
You hit the bullfrog skeleton.
You destroy the bullfrog skeleton!
The wyvern completely misses you. The ogre barely misses you.
You have reached level 8!
You feel clever.
An ice beast comes into view.
The wyvern closely misses you.
There is a stone staircase leading up here.
The wyvern bites you but does no damage.
You block the wyvern's attack.
The ice beast hits you but does no damage.
You climb upwards.
There is a stone staircase leading down here.
The wyvern bites you!
The ice beast is distracted by your dazzling golden aura.
The wyvern barely misses you. The wyvern bites you!
The wyvern bites you but does no damage.
You see here a +0 trident.
You extend your mandibles.
You dig through the rock wall.
The wyvern bites you.
You dig through the rock wall.
You block the wyvern's attack.
You dig through the rock wall.
The wyvern bites you!
* * * LOW HITPOINT WARNING * * *
You dig through the rock wall.
The wyvern bites you!
You die...
Your body crumbles into a pile of gold.

.....# ##### .....#
#...# .....#### ###.#.#
........#######...#.#
.....##......##.###.#
....#######......##.#
............##..###.#
..############.####.#
#..# #.....#.#@##.#
.#.#####.....#.##l#.##
.............#.#.##..#
####.###.....#..####.#
#.##......#)## #.#
#....#####..#####.#
####..###.....##.....##
......##........{.....##
...............{..(....#


You could see a wyvern.

Vanquished Creatures
  Sigmund (D:4)
  2 scorpions (D:4)
  A wyvern zombie (D:4)
  A howler monkey (D:3)
  An orc priest (D:3)
  A bullfrog skeleton (D:5)
  Terence (D:2)
  3 orc wizards
  4 adders
  5 gnolls
  A worm (D:2)
  4 dart slugs
  5 orcs
  7 ball pythons
  3 endoplasms
  4 giant cockroaches
  6 goblins
  5 hobgoblins
  26 jackals
  11 kobolds
  2 quokkas (D:4)
  7 bats
  2 frilled lizards
  6 rats
109 creatures vanquished.

Vanquished Creatures (others)
  A withered plant (D:1)
1 creature vanquished.

Grand Total: 110 creatures vanquished

Notes
Turn   | Place    | Note
-------+----------+-------------------------------------------
     0 | D:1      | Delamore the Formicid Fighter began the quest for the Orb.
     0 | D:1      | Reached XP level 1. HP: 18/18 MP: 1/1
   245 | D:1      | Reached XP level 2. HP: 22/24 MP: 2/2
   601 | D:1      | Found a faded altar of an unknown god.
   632 | D:1      | Reached XP level 3. HP: 27/30 MP: 3/3
   654 | D:1      | Became a worshipper of Zin the Law-Giver
   654 | D:1      | Reached * piety under Zin
   674 | D:1      | Reached skill level 3 in Polearms
   787 | D:2      | Noticed Terence
   806 | D:2      | Killed Terence
   807 | D:2      | Reached XP level 4. HP: 17/37 MP: 4/4
  1174 | D:2      | Reached skill level 4 in Polearms
  1534 | D:2      | Reached XP level 5. HP: 42/42 MP: 5/5
  1931 | D:3      | Reached ** piety under Zin
  2140 | D:3      | Found an ornate altar of the Wu Jian Council.
  2899 | D:3      | Found a shimmering blue altar of Sif Muna.
  3030 | D:4      | Reached XP level 6. HP: 49/49 MP: 6/6
  3046 | D:4      | Reached skill level 5 in Polearms
  3329 | D:3      | Reached skill level 5 in Fighting
  3367 | D:3      | Reached skill level 6 in Polearms
  3367 | D:3      | Reached XP level 7. HP: 14/56 MP: 7/7
  3521 | D:4      | Noticed Sigmund
  3624 | D:4      | Killed Sigmund
  3636 | D:4      | Reached skill level 7 in Polearms
  4662 | D:4      | Found a staircase to the Ecumenical Temple.
  4668 | Temple   | Entered the Ecumenical Temple
  4840 | Temple   | Fell from the grace of Zin
  4840 | Temple   | Became a worshipper of Gozag Ym Sagoz the Greedy
  4924 | D:5      | Entered Level 5 of the Dungeon
  4929 | D:5      | Noticed a wyvern
  4935 | D:5      | Reached XP level 8. HP: 45/62 MP: 8/8
  4948 | D:4      | Mangled by a wyvern

Illustrated notes

Levels and vault maps discovered:
D:1:      mrwooster_arrival_statue, layout_loops_ring,
          shapermc_ecumenical_altar_flowoftime
D:2:      layout_basic, serial_rivers, chequers_serial_rivers_large_a,
          chequers_serial_rivers_small_a, chequers_serial_rivers_room_a,
          chequers_serial_rivers_small_b, chequers_serial_rivers_micro_c,
          minmay_ruptured, uniq_terence
D:3:      minmay_bubble_buster, layout_basic, general_overflow_altar,
          marbit_many_paths, st_stairs_10
D:4:      layout_rooms, minmay_temple_entry_fiery, uniq_sigmund
D:5:      layout_rooms, minmay_misc_feat_iff
Temple:   minmay_temple_curvy_branch

Skill      XL: |  1  2  3  4  5  6  7 |
---------------+----------------------+-----
Polearms       | 3 4 6 7 |  7.7
Fighting       | 4 5 |  5.0
Armour         | |  3.2
Shields        | |  3.6

Action                   |  1- 3 |  4- 6 |  7- 9 || total
-------------------------+-------+-------+-------++-------
Melee: Trident           |    80 |   238 |   112 ||   430
 Abil: Dig               |     1 |     2 |     2 ||     5
  Use: Scroll            |       |     6 |     1 ||     7
Armor: Scale mail        |    29 |     1 |       ||    30
       Ring mail         |       |    97 |    31 ||   128
Dodge: Dodged            |    28 |   127 |    62 ||   217
Block: Kite shield       |    32 |   166 |    82 ||   280

Table legend: (Time is in decaauts)
 A = Elapsed time spent in this place.
 B = Non-inter-level travel time spent in this place.
 C = Inter-level travel time spent in this place.
 D = Time resting spent in this place.
 E = Time spent auto-exploring this place.
 F = Levels seen in this place.
 G = Mean time per level.
                   A        B        C        D        E       F      G
               +--------+--------+--------+--------+--------+-----+--------+
         Total |   5072 |   4890 |    182 |   1252 |   2742 |   6 |  845.3 |
       Dungeon |   4877 |   4724 |    153 |   1252 |   2579 |   5 |  975.4 |
        Temple |    194 |    165 |     29 |      0 |    163 |   1 |  194.0 |
               +--------+--------+--------+--------+--------+-----+--------+

Top non-repeatable levels by time:
     D:3: 1592 daAuts
     D:2: 1429 daAuts
     D:4: 1047 daAuts
     D:1: 793 daAuts
  Temple: 194 daAuts
     D:5: 15 daAuts
